 Dungeon Crawl Stone Soup version 0.30.1-9-gdf580d7c3d (webtiles) character file.

Game seed: 15110861343347952477

1652935 LordWeiramon the Wrestler (level 26, 201/201 HPs)
             Began as a Demonspawn Fighter on Oct 11, 2023.
             Was the Champion of Okawaru.
             Escaped with the Orb
             ... and 3 runes on Oct 12, 2023!
             The game lasted 05:12:23 (71723 turns).

LordWeiramon the Wrestler (Demonspawn Fighter)     Turns: 71723, Time: 05:12:24

Health: 201/201    AC: 40    Str: 33    XL:     26   Next: 69%
Magic:  48/48      EV: 24    Int: 13    God:    Okawaru [******]
Gold:   1689       SH: 35    Dex: 16    Spells: 25/25 levels left

rFire   + .          .
                       - Unarmed
rCold   + . .        J - +7 tower shield {rC+}
rNeg    . . .        h - +15 storm dragon scales of Lust {rElec MP+9}
rPois   .            R - +3 helmet "Baraabb" {Int+3}
rElec   +            (cloak unavailable)
rCorr   .            (gloves unavailable)
SInv    .            (boots unavailable)
Will    +....        C - amulet of reflection Stlth
                     P - ring of Koqainif {rF+ MP+9 Str+4 Dex+4}
HPRegen 0.53/turn    v - +5 ring of evasion
MPRegen 0.31/turn

%: reflection
@: studying 2 skills
A: claws 3, hooves 3, ignite blood 3, spiny 3, augmentation 2, weakness stinger
3, deterioration 1, frail 1
0: Orb of Zot
}: 3/15 runes: serpentine, barnacled, silver
a: Renounce Religion, Heroism, Finesse, Duel


You escaped.
You worshipped Okawaru.
Okawaru was exalted by your worship.
You visited 10 branches of the dungeon, and saw 48 of its levels.
You visited the Abyss 1 time.
You visited 1 bazaar.
You also visited: Ice Cave.

You collected 8644 gold pieces.
You spent 6955 gold pieces at shops.

Inventory:

Missiles
 L - 5 throwing nets (quivered)
Armour
 h - the +15 storm dragon scales of Lust (worn) {rElec MP+9}
   (You found it on level 1 of the Depths)

   rElec:     It insulates you from electricity.
   MP:        It affects your magic capacity (+9).
 o - the +4 kite shield of the Nine Beggars {rF+ Str+4}
   (Okawaru gifted it to you on level 1 of the Elven Halls)

   Str:       It affects your strength (+4).
   rF:        It protects you from fire.
 E - a +2 hat of see invisible
 H - the +5 Storm Queen's Shield {shock, Fly rElec}
   (You found it on level 5 of the Lair of Beasts)

   Shock:     When it blocks an attack, it may electrocute the attacker.
   This works even against foes who are a short distance away.
   rElec:     It insulates you from electricity.
   Fly:       It grants you flight.
 J - a +7 tower shield of cold resistance (worn)
 R - the +3 helmet "Baraabb" (worn) {Int+3}
   (You bought it in a shop on level 2 of the Orcish Mines)

   Int:       It affects your intelligence (+3).
Jewellery
 k - a ring of protection from fire
 p - a ring of flight
 v - a +5 ring of evasion (right claw)
 C - an amulet of reflection (around neck)
 D - a +6 ring of dexterity
 P - the ring of Koqainif (left claw) {rF+ MP+9 Str+4 Dex+4}
   (You bought it in a shop on level 15 of the Dungeon)

   [ring of magical power]

   Str:       It affects your strength (+4).
   Dex:       It affects your dexterity (+4).
   rF:        It protects you from fire.
   MP:        It affects your magic capacity (+9).
 Q - a ring of poison resistance
 S - the ring of the Ant {Will+ Str+2 Int+3}
   (You found it on level 1 of the Shoals)

   [ring of willpower]

   Str:       It affects your strength (+2).
   Int:       It affects your intelligence (+3).
   Will:      It increases your willpower.
 T - a +6 ring of intelligence
Wands
 a - a wand of acid (20)
 g - a wand of digging (12)
 s - a wand of flame (117)
 y - a wand of polymorph (27)
 z - a wand of iceblast (34)
 A - a wand of paralysis (13)
 K - a wand of mindburst (26)
Scrolls
 b - 14 scrolls of teleportation
 l - 10 scrolls of fear
 m - 3 scrolls of fog
 u - 12 scrolls of poison
 x - 4 scrolls of blinking
 N - 2 scrolls of silence
Potions
 c - 2 potions of resistance
 d - 8 potions of brilliance
 e - 6 potions of heal wounds
 f - 7 potions of magic
 i - 13 potions of mutation
 j - 5 potions of flight
 n - 11 potions of curing
 r - a potion of invisibility
 t - 2 potions of berserk rage
 w - 7 potions of attraction
 B - 8 potions of ambrosia
 F - 6 potions of haste
 M - 2 potions of might
 O - 4 potions of cancellation
Miscellaneous
 q - a phial of floods
 G - a tin of tremorstones (2/2)
 I - a lightning rod (4/4)


   Skills:
 - Level 22.0 Fighting
 - Level 3.2 Polearms
 - Level 22.0 Armour
 + Level 19.5 Dodging
 - Level 22.0 Shields
 - Level 22.0 Unarmed Combat
 - Level 10.0 Invocations
 - Level 5.0 Evocations


You had 25 spell levels left.
You didn't know any spells.
Your spell library contained the following spells:

 Spells                   Type           Power      Damage    Failure   Level
 Apportation              Tloc           0%         N/A       67%         1
 Beastly Appendage        Tmut           0%         N/A       67%         1
 Freeze                   Ice            0%         1d3       67%         1
 Magic Dart               Conj           0%         1d3       67%         1
 Necrotise                Necr           0%         1d4       67%         1
 Shock                    Conj/Air       0%         1d3       67%         1
 Slow                     Hex            0%         N/A       67%         1
 Blink                    Tloc           0%         N/A       80%         2
 Ensorcelled Hibernation  Hex/Ice        0%         N/A       80%         2
 Lesser Beckoning         Tloc           0%         N/A       80%         2
 Momentum Strike          Conj/Tloc      0%         3d8       80%         2
 Passwall                 Tmut/Erth      0%         N/A       80%         2
 Poisonous Vapours        Pois/Air       0%         N/A       80%         2
 Searing Ray              Conj           0%         2d4       80%         2
 Static Discharge         Conj/Air       0%         2-2/arc   80%         2
 Sublimation of Blood     Necr           0%         N/A       80%         2
 Wereblood                Tmut           0%         N/A       80%         2
 Confusing Touch          Hex            0%         N/A       95%         3
 Dazzling Flash           Conj/Hex       0%         N/A       95%         3
 Frozen Ramparts          Ice            0%         1d1       95%         3
 Hailstorm                Conj/Ice       0%         3d3       95%         3
 Ignite Poison            Fire/Tmut/Pois 0%         N/A       95%         3
 Inner Flame              Hex/Fire       0%         N/A       95%         3
 Mephitic Cloud           Conj/Pois/Air  0%         N/A       95%         3
 Ozocubu's Armour         Ice            0%         N/A       95%         3
 Portal Projectile        Hex/Tloc       0%         N/A       95%         3
 Spider Form              Tmut/Pois      0%         N/A       95%         3
 Stone Arrow              Conj/Erth      0%         3d7       95%         3
 Swiftness                Air            0%         N/A       95%         3
 Vampiric Draining        Necr           0%         2d6       95%         3
 Volatile Blastmotes      Fire/Tloc      0%         2d10      95%         3
 Airstrike                Air            0%         2d(0-16)  100%        4
 Anguish                  Hex/Necr       0%         N/A       100%        4
 Cause Fear               Hex            0%         N/A       100%        4
 Flame Wave               Conj/Fire      0%         2d4       100%        4
 Fulminant Prism          Conj/Hex       0%         3d5       100%        4
 Ice Form                 Ice/Tmut       0%         N/A       100%        4
 Iskenderun's Mystic Bla  Conj/Tloc      0%         2d3       100%        4
 Leda's Liquefaction      Hex/Erth       0%         N/A       100%        4
 Manifold Assault         Tloc           0%         N/A       100%        4
 Passage of Golubria      Tloc           0%         N/A       100%        4
 Petrify                  Tmut/Erth      0%         N/A       100%        4
 Sticky Flame             Conj/Fire      0%         2d3       100%        4
 Agony                    Necr           0%         N/A       100%        5
 Alistair's Intoxication  Tmut/Pois      0%         N/A       100%        5
 Borgnjor's Vile Clutch   Necr/Erth      0%         N/A       100%        5
 Freezing Cloud           Conj/Ice/Air   0%         6-21      100%        5
 Irradiate                Conj/Tmut      0%         3d11      100%        5
 Iskenderun's Battlesphe  Conj           0%         2d6       100%        5
 Lee's Rapid Deconstruct  Erth           0%         3d4*      100%        5
 Metabolic Englaciation   Hex/Ice        0%         N/A       100%        5
 Silence                  Hex/Air        0%         N/A       100%        5
 Yara's Violent Unravell  Hex/Tmut       0%         3d3       100%        5
 Conjure Ball Lightning   Conj/Air       0%         3x3d6     100%        6
 Dispersal                Tloc           0%         N/A       100%        6
 Iron Shot                Conj/Erth      0%         9d1       100%        6
 Starburst                Conj/Fire      0%         6d3       100%        6
 Statue Form              Tmut/Erth      0%         N/A       100%        6
 Enfeeble                 Hex            0%         N/A       100%        7
 Discord                  Hex            0%         N/A       100%        8
 Disjunction              Tloc           0%         N/A       100%        8
 Ignition                 Fire           0%         3d3       100%        8
 Lehudib's Crystal Spear  Conj/Erth      0%         10d2      100%        8
 Summon Small Mammal      Summ           Unusable   N/A       N/A         1
 Call Imp                 Summ           Unusable   N/A       N/A         2
 Call Canine Familiar     Summ           Unusable   N/A       N/A         3
 Tukima's Dance           Hex            Unusable   N/A       N/A         3
 Animate Armour           Summ/Erth      Unusable   N/A       N/A         4
 Animate Dead             Necr           Unusable   N/A       N/A         4
 Summon Lightning Spire   Summ/Air       Unusable   N/A       N/A         4
 Death Channel            Necr           Unusable   N/A       N/A         6
 Simulacrum               Ice/Necr       Unusable   N/A       N/A         6
 Spellforged Servitor     Conj/Summ      Unusable   N/A       N/A         7
 Summon Hydra             Summ           Unusable   N/A       N/A         7

Dungeon Overview and Level Annotations

Branches:
Dungeon (15/15)            Temple (1/1) D:6            Lair (5/5) D:8
 Shoals (4/4) Lair:3        Snake (4/4) Lair:2        Slime (0/5) Lair:4
    Orc (2/2) D:9             Elf (3/3) Orc:2        Vaults (5/5) D:13
  Crypt (0/3) Vaults:3     Depths (4/4) D:15            Zot (5/5) Depths:4
  IceCv (visited)

Altars:
Ashenzari
Cheibriados
Dithmenos
Gozag
Hepliaklqana
Kikubaaqudgha
Makhleb
Nemelex Xobeh
Okawaru
Qazlal
Ru
Trog
Uskayaw
Wu Jian
Yredelemnul
Lugonu

Shops:
D:4 *   D:6 [(*[(   D:13 [   D:15 =([   Orc:2 =[**=([   Elf:1 :   Elf:2 [
Shoals:4 ?   Snake:4 *   Vaults:1 [   Vaults:2 [   Vaults:4 :(   Vaults:5 *
Depths:1 ::=   Depths:2 [?   Depths:4 :[?

Portals:
Hell: Depths:1 Depths:2 Depths:3 Depths:4
Abyss: Depths:1 Depths:3 Depths:4
Pandemonium: Depths:2
Ziggurat: Depths:2

Annotations:
Zot:5 3 runed translucent doors, bearlyready's ghost, legendary HORe


Innate Abilities, Weirdness & Mutations

You have claws for hands.
You have hooves in place of feet.
Your demonic aura causes all spilled blood to erupt in flames.
You are completely covered in sharp spines.
Your magical and physical power is enhanced at high health.
You have a sharp stinger which inflicts weakening toxins.
Your body sometimes deteriorates upon taking damage.
You are frail. (-10% HP)


Message History

You climb upwards.
There is a stone staircase leading down here.
A Tzitzimitl comes into view.
You mangle the Tzitzimitl!! You kick the Tzitzimitl!!
The Tzitzimitl is heavily wounded.
You claw the Tzitzimitl! Your kick misses the Tzitzimitl.
The Tzitzimitl is severely wounded.
You barely miss the Tzitzimitl. You kick the Tzitzimitl.
The Tzitzimitl is severely wounded.
You block the Tzitzimitl's attack. x2
You eviscerate the Tzitzimitl!!!
You kill the Tzitzimitl!
Okawaru accepts your kill.
(D) Dungeon (T) Temple (L) Lair (A) Shoals (P) Snake Pit (M) Slime Pits (O) Orcish Mines (E) Elven Halls (V) Vaults (C) Crypt (U) Depths (H) Hell (Z) Zot
Where to? (Enter - D:1 @ (x,y), ? - help)
There is a stone staircase leading up, spattered with blood here.
You climb upwards.
There is a stone staircase leading down here.
You see here a +0 barding.
Things that are here:
7 stones; a +0 flail
There is a stone staircase leading up, spattered with blood here.
You climb upwards.
There is a stone staircase leading down here.
A reaper comes into view. It is wielding a +0 scythe of venom.
There is an escape hatch in the ceiling, spattered with blood here.
A mysterious force pulls you upwards. The hatch slams shut behind you.
(D) Dungeon (T) Temple (L) Lair (A) Shoals (P) Snake Pit (M) Slime Pits (O) Orcish Mines (E) Elven Halls (V) Vaults (C) Crypt (U) Depths (H) Hell (Z) Zot
Where to? (Enter - D:1 @ (x,y), ? - help)
There is a stone staircase leading up here.
You climb upwards.
There is a stone staircase leading down here.
There is a staircase leading out of the dungeon here.
You have escaped!

#......##.....###################
#......##.#≈≈≈.≈≈≈≈≈≈## #
#......#..≈≈≈≈≈.≈≈≈≈≈≈## #
#######..≈≈≈≈≈≈.≈≈≈≈≈≈≈##########
#......≈≈≈8≈≈.≈≈≈≈≈8≈≈≈##.....†.
##.#####≈≈≈≈≈.≈≈≈≈≈≈≈≈≈≈#........
..># #≈≈≈≈≈.≈≈≈~~~≈≈≈≈.........
##.## #≈≈≈≈≈.≈≈~≈≈≈~≈≈~#######+#
#..## #≈≈≈≈≈≈..@≈≈≈≈~~≈# #.#
##..# #≈~~≈≈≈≈>..≈≈≈≈≈≈# ##.#
##.###~≈≈~≈≈≈~≈≈.≈≈≈≈≈######..#
####.)..≈≈≈≈~~~≈≈≈.≈≈≈≈≈........)
........≈≈≈≈≈≈≈≈≈≈.≈≈≈≈≈.##..####
#######.≈≈≈8≈≈≈≈≈.≈≈8≈≈≈....##
.....##.#≈≈≈≈≈≈≈.≈≈≈≈≈≈#.####
.....##...≈≈≈≈≈≈.≈≈≈≈≈##.#
.....##.#..≈≈≈≈≈≈.≈≈≈###.# #####


There were no monsters in sight!

Vanquished Creatures
  4 ancient liches
  2 dread liches
  3 orbs of fire
  3 juggernauts
  A pandemonium lord (D:9)
  6 Killer Klowns
  The ghost of Cuucabuana the Slayer, a veteran MiGl of Okawaru (Elf:2)
  Saint Roka (Vaults:1)
  A curse toe (Zot:2)
  3 caustic shrikes
  13 golden dragons
  An electric golem (Zot:5)
  A Tzitzimitl (D:5)
  18 tentacled monstrosities
  4 walking crystal tomes
  23 Orb Guardians
  2 walking earthen tomes
  5 liches
  14 quicksilver dragons
  2 deep elf blademasters (Elf:3)
  A walking frostbound tome (Depths:3)
  6 titans
  2 walking divine tomes (Depths:2)
  8 death cobs
  Gastronok (Lair:2)
  3 Executioners (Abyss:2)
  A kraken (Shoals:2)
  8 sphinxes
  The ghost of Amikeex the Brawler, an adept TrMo of Nemelex Xobeh (Depths:4)
  6 shadow dragons
  18 storm dragons
  5 draconian monks
  22 tengu reavers
  A tentacled starspawn (Abyss:2)
  8 draconian knights
  6 nagarajas
  9 draconian scorchers
  Ilsuiw (Shoals:3)
  9 fire giants
  9 deep elf sorcerers
  16 frost giants
  An iron dragon (Depths:3)
  Aizul (Elf:2)
  21 vault wardens
  A ghost moth (Zot:3)
  A juggernaut zombie (D:15)
  5 draconian shifters
  Louise (D:14)
  2 orc warlords
  5 draconian stormcallers
  7 spriggan defenders
  3 deep elf elementalists (Elf:3)
  10 draconian annihilators
  3 war gargoyles
  A reaper (IceCv)
  9 very ugly things
  23 ironbound preservers
  21 stone giants
  12 ironbound thunderhulks
  4 vampire knights
  9 green draconians
  Nessos (D:13)
  11 red draconians
  11 yellow draconians
  12 black draconians
  10 deep elf annihilators
  25 purple draconians
  5 deep elf demonologists
  8 dire elephants
  5 spark wasps (Depths:3)
  15 white draconians
  6 deep elf death magi
  A crystal guardian (Vaults:4)
  15 ettins
  12 merfolk javelineers
  15 fire dragons
  3 entropy weavers
  Josephine (D:11)
  18 yaktaur captains
  7 great orbs of eyes
  8 deep elf high priests
  17 merfolk impalers
  9 ice dragons
  5 hydras
  15 ironbound frosthearts
  5 rakshasas
  6 merfolk avatars
  A catoblepas (shapeshifter) (Vaults:4)
  3 spriggan air magi
  11 anacondas
  2 catoblepae
  An ogre mage (Vaults:5)
  2 spriggan skeletons
  34 vault guards
  6 boulder beetles
  12 centaur warriors
  3 peacekeepers
  3 two-headed ogres
  3 salamander tyrants
  2 alligator snapping turtles (Shoals:4)
  5 merfolk aquamancers
  2 satyrs
  38 dancing weapons
  19 naga warriors
  4 deep troll shamans
  3 hell hogs (D:9)
  9 death yaks
  22 naga sharpshooters
  5 tengu warriors
  3 deep troll earth magi
  A vampire mage (Depths:1)
  An orc high priest (Orc:2)
  5 spriggan berserkers
  2 thrashing horrors
  3 shock serpents
  Urug (Orc:2)
  17 hell knights
  15 deep elf knights
  4 skysharks
  A wretched star (Abyss:2)
  2 sixfirhies
  4 iron trolls
  A spark wasp zombie (D:15)
  A shadow wraith (Vaults:3)
  11 sea snakes
  7 skeletal warriors
  44 deep trolls
  25 harpies
  A golden dragon skeleton (Vaults:3)
  6 salamander mystics
  6 starcursed masses (Abyss:2)
  A glowing orange brain (Vaults:4)
  10 deep elf archers
  11 naga ritualists
  3 flayed ghosts
  6 phantasmal warriors
  A sphinx zombie (Depths:1)
  8 wizards
  21 ironbound convokers
  16 mana vipers
  10 necromancers
  5 orc knights
  9 lindwurms
  27 deep elf pyromancers
  33 deep elf zephyrmancers
  A harpy (shapeshifter) (D:13)
  A stone giant zombie (Depths:1)
  An oklob plant (Lair:4)
  2 human zombies
  5 orc sorcerers
  5 fauns
  A tengu skeleton (Vaults:3)
  A cyclops (shapeshifter) (Vaults:5)
  2 fauns (shapeshifter) (D:13)
  6 cyclopes
  3 stone giant skeletons (Vaults:3)
  26 salamanders
  24 ugly things
  22 manticores
  An iron dragon skeleton (D:15)
  A fire giant skeleton (Vaults:3)
  Maurice (D:8)
  19 elephants
  23 moths of wrath
  6 merfolk sirens
  4 guardian serpents (Snake:4)
  5 water nymphs
  A frost giant skeleton (Vaults:3)
  An ice statue (IceCv)
  An eye of devastation (Lair:4)
  41 black mambas
  23 vault sentinels
  3 gargoyles
  A smoke demon (D:9)
  9 naga magi
  3 torpor snails
  Psyche (D:8)
  A yaktaur zombie (Vaults:1)
  14 cane toads
  An unseen horror (shapeshifter) (Vaults:5)
  5 rime drakes
  12 komodo dragons
  3 kobold demonologists (D:14)
  3 efreet
  4 tengu conjurers
  An ancient zyme (Abyss:2)
  3 freezing wraiths
  A hellion (Abyss:3)
  22 yaktaurs
  A yaktaur skeleton (Vaults:3)
  An anaconda simulacrum (IceCv)
  31 merfolk
  7 trolls
  A hellwing (D:9)
  An ice devil (IceCv)
  A harpy zombie (Vaults:1)
  4 polar bears
  A queen bee (shapeshifter) (Vaults:4)
  A tengu simulacrum (Vaults:1)
  7 wind drakes
  A polar bear (shapeshifter) (D:13)
  5 raiju
  10 hornets
  A tarantella (shapeshifter) (Vaults:5)
  19 blink frogs
  10 snapping turtles
  A tarantella (Vaults:1)
  3 stone giant simulacra (Vaults:1)
  10 dream sheep
  3 small abominations (Abyss:2)
  6 spriggans
  A culicivora (Vaults:1)
  A deep troll skeleton (Vaults:3)
  6 flying skulls (Abyss:2)
  A jumping spider (Vaults:1)
  2 ettin zombies
  3 shadows
  32 slime creatures
  An ettin skeleton (Depths:1)
  A dire elephant simulacrum (IceCv)
  4 wyverns
  11 water elementals
  29 yaks
  2 vampires
  2 basilisks
  5 fire elementals
  A golden eye (shapeshifter) (Depths:2)
  A steam dragon (Lair:5)
  7 wraiths
  A hog (shapeshifter) (Vaults:5)
  Grum (D:8)
  3 death yak simulacra (IceCv)
  2 elf skeletons (Vaults:3)
  6 wargs
  3 vampire mosquitoes (D:12)
  A harpy simulacrum (IceCv)
  6 large abominations (Abyss:2)
  32 nagas
  A glowing shapeshifter skeleton (Vaults:4)
  A floating eye (Lair:4)
  10 water moccasins
  An ogre skeleton (Vaults:4)
  2 ice beasts
  30 orc warriors
  2 sky beasts
  A black bear (shapeshifter) (Depths:1)
  5 black bears
  An elf simulacrum (Vaults:4)
  11 ogres
  17 wolves
  2 human skeletons (Vaults:3)
  A centaur (D:9)
  22 bullfrogs
  2 gnoll sergeants
  An earth elemental (Elf:1)
  7 two-headed ogre simulacra (IceCv)
  6 scorpions
  4 cane toad simulacra (IceCv)
  3 wights (D:10)
  An elephant simulacrum (IceCv)
  4 killer bees (D:9)
  4 howler monkeys
  3 electric eels (Lair:1)
  A lava snake (Snake:3)
  5 hounds
  A jelly (D:8)
  18 orc priests
  2 sleepcaps
  Crazy Yiuf (D:4)
  Ijyb (D:4)
  Terence (D:2)
  2 iguanas (D:5)
  30 orc wizards
  3 polar bear simulacra (IceCv)
  4 troll simulacra (IceCv)
  3 spriggan simulacra (IceCv)
  2 wolf simulacra (IceCv)
  13 gnolls
  7 adders
  4 naga simulacra (IceCv)
  10 white imps
  6 ufetubi
  3 dart slugs
  74 orcs
  8 bats
  An endoplasm (shapeshifter) (Depths:1)
  6 endoplasms
  4 giant cockroaches
  9 goblins
  8 hobgoblins
  6 jackals
  4 quokkas
  8 ball pythons
  A bat (shapeshifter) (Vaults:5)
  2 frilled lizards
  9 kobolds
  4 rats
  4 tentacles (Shoals:2)
2158 creatures vanquished.

Vanquished Creatures (others)
  A quicksilver dragon (Vaults:4)
  A draconian monk (Zot:4)
  A fire giant (Depths:4)
  A salamander mystic (Snake:3)
  A wizard (Vaults:2)
  A deep elf zephyrmancer (Elf:2)
  A manticore (Shoals:3)
  A merfolk (Shoals:3)
  An orc wizard (D:8)
  2 tentacles (Shoals:2)
11 creatures vanquished.

Grand Total: 2169 creatures vanquished

Notes
Turn   | Place    | Note
-------+----------+-------------------------------------------
     0 | D:1      | LordWeiramon the Demonspawn Fighter began the quest for the
                  | Orb.
     0 | D:1      | Reached XP level 1. HP: 18/18 MP: 1/1
   226 | D:1      | Gained mutation: Your demonic aura sometimes causes spilled
                  | blood to erupt in flames. [demonic ancestry]
   226 | D:1      | Reached XP level 2. HP: 24/24 MP: 2/2
   747 | D:1      | Discovered your monstrous ancestry.
   747 | D:1      | Gained mutation: You have sharp fingernails. [demonic
                  | ancestry]
   747 | D:1      | Reached XP level 3. HP: 27/29 MP: 3/3
   999 | D:2      | Noticed Terence
  1003 | D:2      | Killed Terence
  1004 | D:2      | Reached skill level 1 in Unarmed Combat
  1291 | D:2      | Reached XP level 4. HP: 33/35 MP: 4/4
  1747 | D:3      | Identified the +1 mace of Cocytus {pain, *Rage rC+ Dex+3}
  2130 | D:3      | Reached XP level 5. HP: 38/41 MP: 5/5
  3032 | D:4      | Gained mutation: You have very sharp fingernails. [demonic
                  | ancestry]
  3032 | D:4      | Reached XP level 6. HP: 30/47 MP: 6/6
  3287 | D:4      | Noticed Ijyb
  3311 | D:4      | Killed Ijyb
  3443 | D:4      | Reached skill level 5 in Unarmed Combat
  3487 | D:4      | Found Patob's General Store.
  3536 | D:4      | Bought a potion of lignification for 42 gold pieces
  3536 | D:4      | Bought a scroll of teleportation for 42 gold pieces
  3536 | D:4      | Bought a scroll of immolation for 56 gold pieces
  3584 | D:4      | Found a runed translucent door.
  3585 | D:4      | Noticed Crazy Yiuf
  3834 | D:5      | Entered Level 5 of the Dungeon
  4103 | D:5      | Gained mutation: You have a small tail. [demonic ancestry]
  4103 | D:5      | Reached XP level 7. HP: 41/52 MP: 7/7
  4554 | D:5      | Found a hide-covered altar of Uskayaw.
  4554 | D:5      | Found a burning altar of Makhleb.
  4966 | D:6      | Reached skill level 5 in Fighting
  4966 | D:6      | Gained mutation: You are partially covered in sharp spines.
                  | [demonic ancestry]
  4966 | D:6      | Reached XP level 8. HP: 62/62 MP: 8/8
  5394 | D:6      | Found Otriowov's Antique Armour Shop.
  5459 | D:6      | Reached skill level 5 in Armour
  5466 | D:6      | Found a staircase to the Ecumenical Temple.
  5489 | Temple   | Entered the Ecumenical Temple
  5497 | Temple   | Became a worshipper of Warmaster Okawaru
  5674 | D:6      | Reached skill level 1 in Evocations
  5796 | D:6      | Reached skill level 1 in Invocations
  5803 | D:6      | Found Silofuedgh's Weapon Shop.
  5900 | D:6      | Found Uhusur's Armour Emporium.
  5902 | D:6      | Found Careosy's General Store.
  5910 | D:6      | Bought a scroll of poison for 48 gold pieces
  6093 | D:6      | Found Xipsauta's Antique Weapon Boutique.
  6167 | D:6      | Bought a potion of flight for 36 gold pieces
  6232 | D:6      | Found a bloodstained altar of Trog.
  6310 | D:6      | Reached skill level 5 in Invocations
  6827 | D:7      | Reached * piety under Okawaru
  6828 | D:7      | Gained mutation: You have a tail ending in a sharp stinger.
                  | [demonic ancestry]
  6828 | D:7      | Reached XP level 9. HP: 61/68 MP: 12/12
  6888 | D:7      | Found a sacrificial altar of Ru.
  6898 | D:7      | You fall into a shaft and drop 3 floors!
  6898 | D:10     | Entered Level 10 of the Dungeon
  7742 | D:7      | Reached ** piety under Okawaru
  8053 | D:4      | Bought a scroll of enchant armour for 105 gold pieces
  8273 | D:8      | Noticed Psyche
  8301 | D:8      | Found a staircase to the Lair.
  8378 | D:8      | Reached skill level 10 in Unarmed Combat
  8382 | D:8      | Noticed Maurice
  8509 | D:8      | Killed Maurice
  8557 | D:8      | Identified a scroll of acquirement
  8558 | D:8      | Acquired 487 gold pieces
  8639 | D:6      | Bought a phial of floods for 480 gold pieces
  8639 | D:6      | Bought a potion of attraction for 36 gold pieces
  8639 | D:6      | Bought a scroll of identify for 24 gold pieces
  8990 | D:9      | Noticed a two-headed ogre
  8999 | D:9      | Killed a two-headed ogre
  9000 | D:9      | Reached XP level 10. HP: 76/76 MP: 13/13
  9116 | D:9      | Reached skill level 5 in Evocations
  9324 | D:9      | Reached *** piety under Okawaru
  9395 | D:9      | Found a staircase to the Orcish Mines.
 10243 | D:10     | Found an ornate altar of the Wu Jian Council.
 10244 | D:10     | Noticed a two-headed ogre
 10248 | D:10     | Killed a two-headed ogre
 10286 | D:10     | Received a gift from Okawaru
 10321 | D:10     | Noticed a purple ugly thing
 10327 | D:10     | Killed a purple ugly thing
 10512 | D:10     | Reached **** piety under Okawaru
 10616 | D:10     | Reached skill level 5 in Shields
 10617 | D:10     | Reached skill level 1 in Dodging
 10635 | D:10     | Found an opulent altar of Gozag.
 10887 | D:11     | Noticed a manticore
 10898 | D:11     | Killed a manticore
 10918 | D:11     | Noticed a gargoyle
 10924 | D:11     | Killed a gargoyle
 10937 | D:11     | Noticed Josephine
 10955 | D:11     | Killed Josephine
 10956 | D:11     | Gained mutation: You have large cloven feet. [demonic
                  | ancestry]
 10956 | D:11     | Reached XP level 11. HP: 62/86 MP: 14/14
 11068 | D:11     | Reached skill level 5 in Dodging
 11122 | D:11     | Reached ***** piety under Okawaru
 11303 | D:11     | Noticed a two-headed ogre
 11311 | D:11     | Killed a two-headed ogre
 11492 | D:11     | Noticed a purple ugly thing
 11494 | D:11     | Noticed a brown ugly thing
 11499 | D:11     | Killed a purple ugly thing
 11505 | D:11     | Killed a brown ugly thing
 11505 | D:11     | Identified the +0 plate armour of Osoxisib {rF+} (Okawaru
                  | gifted it to you on level 11 of the Dungeon)
 11505 | D:11     | Received a gift from Okawaru
 12208 | D:8      | Noticed Grum
 12224 | D:8      | Killed Grum
 12360 | Lair:1   | Entered Level 1 of the Lair of Beasts
 13260 | Lair:1   | Noticed a death yak
 13333 | Lair:1   | Gained mutation: Your demonic aura often causes spilled
                  | blood to erupt in flames. [demonic ancestry]
 13333 | Lair:1   | Reached XP level 12. HP: 90/92 MP: 16/16
 13342 | Lair:1   | Noticed a dire elephant
 13364 | Lair:1   | Killed a dire elephant
 13417 | Lair:1   | Noticed a dire elephant
 13588 | Lair:1   | Reached ****** piety under Okawaru
 13616 | Lair:1   | Killed a dire elephant
 13656 | Lair:1   | Identified the scarf of the Eternal Void {+Inv, Str+3 SInv
                  | Stlth+} (Okawaru gifted it to you on level 1 of the Lair of
                  | Beasts)
 13656 | Lair:1   | Received a gift from Okawaru
 13729 | Lair:1   | Killed a death yak
 14199 | Lair:2   | Noticed a six-headed hydra
 14221 | Lair:2   | Noticed a four-headed hydra
 14228 | Lair:2   | Killed a four-headed hydra
 14229 | Lair:2   | Reached skill level 10 in Invocations
 14465 | Lair:2   | Identified the staff of conjuration "Othraiqi" {Stlth+}
 14612 | Lair:2   | Noticed a catoblepas
 14639 | Lair:2   | Killed a catoblepas
 14884 | Lair:2   | Found a staircase to the Snake Pit.
 14954 | Lair:2   | Noticed Gastronok
 14995 | Lair:2   | Killed Gastronok
 15340 | Lair:2   | Killed a six-headed hydra
 15556 | Lair:3   | Found a staircase to the Shoals.
 15674 | Lair:3   | Identified the -2 helmet "Woxtel" {Drain Str+7 Dex+4}
                  | (Okawaru gifted it to you on level 3 of the Lair of Beasts)
 15674 | Lair:3   | Received a gift from Okawaru
 15969 | Lair:4   | Noticed a catoblepas
 15975 | Lair:4   | Killed a catoblepas
 15976 | Lair:4   | Reached XP level 13. HP: 83/98 MP: 20/20
 16555 | Lair:4   | Reached skill level 10 in Armour
 16810 | Lair:4   | Found a staircase to the Slime Pits.
 17293 | Lair:5   | Entered Level 5 of the Lair of Beasts
 17371 | Lair:5   | Reached skill level 10 in Fighting
 17529 | Lair:5   | Received a gift from Okawaru
 17852 | Lair:5   | Received a gift from Okawaru
 17858 | Lair:5   | Reached skill level 15 in Unarmed Combat
 17866 | Lair:5   | Reached XP level 14. HP: 78/110 MP: 21/21
 18428 | Lair:5   | Received a gift from Okawaru
 19403 | Lair:5   | Found the +5 Storm Queen's Shield {shock, Fly rElec}
 19769 | D:8      | Killed Psyche
 19769 | D:8      | Identified the +12 spear of the Sybil {freeze, Dex+3 SInv}
                  | (Okawaru gifted it to you on level 8 of the Dungeon)
 19769 | D:8      | Received a gift from Okawaru
 20190 | D:12     | Found a frozen archway.
 20198 | IceCv    | Entered an ice cave
 21329 | IceCv    | Noticed a reaper
 21344 | IceCv    | Killed a reaper
 22824 | D:13     | Received a gift from Okawaru
 23059 | D:13     | Found a gate to the Vaults.
 23223 | D:13     | Noticed Nessos
 23227 | D:13     | Killed Nessos
 23238 | D:13     | Gained mutation: You are mostly covered in sharp spines.
                  | [demonic ancestry]
 23238 | D:13     | Reached XP level 15. HP: 91/115 MP: 22/22
 23345 | D:13     | Found Revvits's Antique Armour Shoppe.
 23604 | D:14     | Found a corrupted altar of Lugonu.
 23763 | D:14     | Noticed Louise
 23776 | D:14     | Killed Louise
 23796 | D:14     | Received a gift from Okawaru
 24196 | D:14     | Reached skill level 10 in Shields
 24396 | D:15     | Entered Level 15 of the Dungeon
 24396 | D:15     | Found Atocwieg's Jewellery Shoppe.
 24409 | D:15     | Bought the ring of Koqainif {rF+ MP+9 Str+4 Dex+4} for 762
                  | gold pieces
 24479 | D:15     | Found Tehoim's Weapon Shop.
 24692 | D:15     | Found Faul's Armour Boutique.
 24911 | D:15     | Found a sacrificial altar of Ru.
 24941 | D:15     | Found a staircase to the Depths.
 25220 | D:15     | Received a gift from Okawaru
 25759 | D:4      | Killed Crazy Yiuf
 25889 | Orc:1    | Entered Level 1 of the Orcish Mines
 26061 | Orc:2    | Entered Level 2 of the Orcish Mines
 26087 | Orc:2    | Found Wexzuq's Antique Armour Emporium.
 26096 | Orc:2    | Found Urannain's General Store.
 26107 | Orc:2    | Bought a potion of cancellation for 120 gold pieces
 26107 | Orc:2    | Bought a scroll of fog for 60 gold pieces
 26347 | Orc:2    | Noticed Urug
 26363 | Orc:2    | Killed Urug
 26641 | Orc:2    | Found Uwycal's Antique Armour Boutique.
 26939 | Orc:2    | Found a staircase to the Elven Halls.
 27297 | Orc:2    | Found Ciwesao's Jewellery Shop.
 27345 | Orc:2    | Found Lare's General Store.
 27360 | Orc:2    | Found Reups's Antique Weapon Boutique.
 27387 | Orc:2    | Found Giocwoot's Jewellery Boutique.
 27394 | Orc:2    | Bought a ring of poison resistance for 300 gold pieces
 27476 | Orc:2    | Bought a bloodstained helmet for 342 gold pieces
 27476 | Orc:2    | Identified the +3 helmet "Baraabb" {Int+3} (You bought it
                  | in a shop on level 2 of the Orcish Mines)
 27646 | Shoals:1 | Entered Level 1 of the Shoals
 27827 | Shoals:1 | Identified the ring of the Ant {Will+ Str+2 Int+3}
 27929 | Shoals:1 | Received a gift from Okawaru
 28927 | Shoals:1 | Received a gift from Okawaru
 28936 | Shoals:1 | Reached XP level 16. HP: 119/124 MP: 23/23
 29232 | Shoals:1 | Identified the +9 spear "Cempele" {vamp, rN+ Will+ Int-5
                  | Stlth+}
 30543 | Shoals:2 | Noticed a kraken
 30550 | Shoals:2 | Killed a kraken
 30731 | Shoals:3 | Identified the scarf of the Engineer {+Inv, Rampage Str-4
                  | Slay+2} (Okawaru gifted it to you on level 3 of the Shoals)
 30731 | Shoals:3 | Received a gift from Okawaru
 31153 | Shoals:3 | Noticed Ilsuiw
 31166 | Shoals:3 | Killed Ilsuiw
 31769 | Shoals:4 | Entered Level 4 of the Shoals
 31823 | Shoals:4 | Reached skill level 15 in Fighting
 32440 | Shoals:4 | Received a gift from Okawaru
 32966 | Shoals:4 | Gained mutation: You have claws for hands. [demonic
                  | ancestry]
 32966 | Shoals:4 | Reached XP level 17. HP: 120/142 MP: 24/24
 33832 | Shoals:4 | Found Qitzim's Magic Scroll Boutique.
 33849 | Shoals:4 | Bought a scroll of silence for 171 gold pieces
 33849 | Shoals:4 | Bought a scroll of teleportation for 54 gold pieces
 33849 | Shoals:4 | Bought a scroll of fear for 72 gold pieces
 34154 | Shoals:4 | Got a barnacled rune of Zot
 34322 | Snake:1  | Entered Level 1 of the Snake Pit
 35190 | Snake:2  | Received a gift from Okawaru
 36241 | Snake:3  | Reached skill level 15 in Armour
 36473 | Snake:4  | Entered Level 4 of the Snake Pit
 36606 | Snake:4  | Found Eripteen's CLEARANCE SALE!.
 36615 | Snake:4  | Gained mutation: You have hoof-like feet. [demonic
                  | ancestry]
 36615 | Snake:4  | Reached XP level 18. HP: 133/149 MP: 25/25
 36672 | Snake:4  | Bought a wand of paralysis (2) for 14 gold pieces
 36672 | Snake:4  | Bought a potion of curing for 9 gold pieces
 37006 | Snake:4  | Identified the +3 broad axe of the Howling Sybil {flame,
                  | Fly rCorr Str+4} (Okawaru gifted it to you on level 4 of
                  | the Snake Pit)
 37006 | Snake:4  | Received a gift from Okawaru
 37781 | Snake:4  | Received a gift from Okawaru
 37807 | Snake:4  | Reached skill level 10 in Dodging
 38642 | Snake:4  | Got a serpentine rune of Zot
 39118 | Elf:1    | Entered Level 1 of the Elven Halls
 39508 | Elf:1    | Identified the +4 kite shield of the Nine Beggars {rF+
                  | Str+4} (Okawaru gifted it to you on level 1 of the Elven
                  | Halls)
 39508 | Elf:1    | Received a gift from Okawaru
 39725 | Elf:1    | Gained mutation: You have a sharp stinger which inflicts
                  | weakening toxins. [demonic ancestry]
 39725 | Elf:1    | Reached XP level 19. HP: 141/155 MP: 26/26
 39756 | Elf:1    | Found Sydd's Tremendous Tomes.
 39981 | Elf:1    | Got the Quarto of Damage
 40383 | Elf:2    | Found a runed translucent gate.
 40383 | Elf:2    | Found a runed translucent gate.
 40385 | Elf:2    | Found a runed translucent gate.
 40487 | Elf:2    | Found Qommist's Antique Armour Shoppe.
 40822 | Elf:2    | Identified the +0 robe of the Iron City of Dis {rElec}
 40829 | Elf:2    | Bought a shiny helmet for 240 gold pieces
 40866 | Elf:2    | Found a runed translucent gate.
 40866 | Elf:2    | Found a runed translucent gate.
 40866 | Elf:2    | Found a runed translucent gate.
 40873 | Elf:2    | Noticed Cuucabuana's ghost (veteran MiGl)
 40886 | Elf:2    | Identified the +1 leather armour of Gestyz {Dex+5}
 41528 | Elf:2    | Noticed Aizul
 41545 | Elf:2    | Killed Aizul
 41887 | Elf:2    | Identified the +1 ring mail of the Secret Youths {rC++
                  | Int+5 Stlth-} (Okawaru gifted it to you on level 2 of the
                  | Elven Halls)
 41887 | Elf:2    | Received a gift from Okawaru
 42324 | Elf:2    | Killed Cuucabuana's ghost
 42541 | Elf:2    | Identified the +2 hat of Negation {rElec rF+ rC- Regen+}
 42563 | Elf:3    | Entered Level 3 of the Elven Halls
 42749 | Elf:3    | Found a flickering gateway to a bazaar.
 42756 | Elf:3    | Found an ancient bone altar of Kikubaaqudgha.
 43471 | Bazaar   | Entered a bazaar
 43471 | Bazaar   | Found Hikk's Assorted Antiques.
 43471 | Bazaar   | Found Boh Wual's Armour Boutique.
 43496 | Bazaar   | Found Otatehucs's Weapon Shoppe.
 43502 | Bazaar   | Found Ydylos's Assorted Antiques.
 43537 | Bazaar   | Found Ziuhioja's Weapon Boutique.
 43558 | Bazaar   | Bought a potion of haste for 320 gold pieces
 43583 | Bazaar   | Bought a scroll of teleportation for 72 gold pieces
 43635 | Elf:3    | Identified the +5 broad axe of the Wilderness {venom,
                  | Will+}
 43635 | Elf:3    | Identified the ring "Ubbohuc" {rF+ rC- Will+ Str+2 Dex+3}
 43773 | Elf:3    | Identified the +1 lajatang of Haulul {freeze, rElec rPois
                  | Int+3 Dex-4}
 43786 | Elf:3    | Received a gift from Okawaru
 43935 | Elf:3    | Identified the +8 rapier "Wiceaky" {drain, Int+4}
 44037 | Elf:3    | Found the ring of the Mage {Wiz Archmagi}
 44047 | Elf:3    | Identified the staff of fire "Ulug" {Fragile +Blink rF+
                  | Will+}
 44052 | Elf:3    | Identified the staff of poison "Qegackae" {rElec rPois
                  | Str-4 Int+2}
 44059 | Elf:3    | Identified the amulet "Icua" {RegenMP rF- Dex+6 Slay+6
                  | Stlth+}
 44066 | Elf:3    | Identified the staff of cold "Cywecia" {rC+ Str+4 SInv}
 44072 | Elf:3    | Identified the staff of earth "Toetwa" {rC++ Str+2 Int-4}
 44469 | Vaults:1 | Entered Level 1 of the Vaults
 44526 | Vaults:1 | Gained mutation: Your demonic aura causes all spilled blood
                  | to erupt in flames. [demonic ancestry]
 44526 | Vaults:1 | Reached XP level 20. HP: 162/162 MP: 27/27
 44757 | Vaults:1 | Identified the +4 buckler of Ihyxoiwk {Int+2} (Okawaru
                  | gifted it to you on level 1 of the Vaults)
 44757 | Vaults:1 | Received a gift from Okawaru
 44776 | Vaults:1 | Noticed Saint Roka
 44808 | Vaults:1 | Killed Saint Roka
 45322 | Vaults:1 | Found Xaewk's Antique Armour Boutique.
 45468 | Vaults:1 | Reached skill level 15 in Dodging
 45735 | Vaults:1 | Identified the +1 scale mail of the Lobster {rElec Int+3}
                  | (Okawaru gifted it to you on level 1 of the Vaults)
 45735 | Vaults:1 | Received a gift from Okawaru
 47136 | Vaults:2 | Gained mutation: You have hooves in place of feet. [demonic
                  | ancestry]
 47136 | Vaults:2 | Reached XP level 21. HP: 164/168 MP: 28/28
 47525 | Vaults:2 | Found Oluod Quver's Armour Shoppe.
 47815 | Vaults:2 | Bought a +2 plate armour of cold resistance for 480 gold
                  | pieces
 48652 | Vaults:3 | Identified the +0 robe "Foeqiawn" {Rampage +Inv} (Okawaru
                  | gifted it to you on level 3 of the Vaults)
 48652 | Vaults:3 | Received a gift from Okawaru
 48776 | Vaults:3 | You are sucked into a shaft and drop 1 floor!
 48781 | Vaults:4 | Found a huge runed gate.
 48781 | Vaults:4 | Found a huge runed gate.
 48781 | Vaults:4 | Found a huge runed gate.
 48781 | Vaults:4 | Found a huge runed gate.
 48781 | Vaults:4 | Found a huge runed gate.
 48782 | Vaults:4 | Found a huge runed gate.
 48782 | Vaults:4 | Found a huge runed gate.
 48782 | Vaults:4 | Found a huge runed gate.
 48782 | Vaults:4 | Found a huge runed gate.
 48784 | Vaults:4 | Found a huge runed gate.
 48784 | Vaults:4 | Found a huge runed gate.
 48784 | Vaults:4 | Found a huge runed gate.
 48784 | Vaults:4 | Found a huge runed gate.
 48784 | Vaults:4 | Found a huge runed gate.
 48784 | Vaults:4 | Found a huge runed gate.
 48786 | Vaults:4 | Found a huge runed gate.
 48787 | Vaults:4 | Found a huge runed gate.
 48788 | Vaults:4 | Found a huge runed gate.
 48796 | Vaults:4 | Found a huge runed gate.
 48796 | Vaults:4 | Found a huge runed gate.
 48796 | Vaults:4 | Found a huge runed gate.
 48796 | Vaults:4 | Found a huge runed gate.
 48796 | Vaults:4 | Found a huge runed gate.
 48796 | Vaults:4 | Found a huge runed gate.
 48797 | Vaults:4 | Found a huge runed gate.
 48914 | Vaults:3 | Found a staircase to the Crypt.
 49034 | Vaults:3 | Identified the +0 helmet "Ethyffer" {Stlth+}
 49494 | Vaults:3 | Reached skill level 15 in Shields
 49820 | Abyss:2  | Cast into level 2 of the Abyss (a wizard)
 49941 | Abyss:2  | Found a corrupted altar of Lugonu.
 49953 | Abyss:2  | Found a corrupted altar of Lugonu.
 50293 | Vaults:3 | Escaped the Abyss
 50435 | Vaults:4 | Found a huge runed gate.
 50435 | Vaults:4 | Found a huge runed gate.
 50435 | Vaults:4 | Found a huge runed gate.
 50435 | Vaults:4 | Found a huge runed gate.
 50435 | Vaults:4 | Found a huge runed gate.
 50441 | Vaults:4 | Found a huge runed gate.
 50820 | Vaults:4 | Identified the +8 halberd of the Apocalypse {drain, rC+ rN+
                  | Stlth+} (Okawaru gifted it to you on level 4 of the Vaults)
 50820 | Vaults:4 | Received a gift from Okawaru
 51154 | Vaults:4 | Reached XP level 22. HP: 147/182 MP: 29/29
 51159 | Vaults:4 | Found a huge runed gate.
 51159 | Vaults:4 | Found a huge runed gate.
 51159 | Vaults:4 | Found Reykeuh's Book Boutique.
 51563 | Vaults:4 | Found a huge runed gate.
 51565 | Vaults:4 | Found a huge runed gate.
 51566 | Vaults:4 | Found a huge runed gate.
 51688 | Vaults:4 | Found Otesm's Weapon Emporium.
 51780 | Vaults:4 | Noticed an ancient lich
 51792 | Vaults:4 | Killed an ancient lich
 52032 | Vaults:4 | Noticed a golden dragon
 52043 | Vaults:4 | Killed a golden dragon
 52361 | Depths:1 | Entered Level 1 of the Depths
 52378 | Depths:1 | Found a one-way gate to the infinite horrors of the Abyss.
 52520 | Depths:1 | Identified the +1 robe of Zegin {Drain Will++} (Okawaru
                  | gifted it to you on level 1 of the Depths)
 52520 | Depths:1 | Received a gift from Okawaru
 52551 | Depths:1 | Noticed a golden dragon
 52555 | Depths:1 | Noticed a caustic shrike
 52601 | Depths:1 | Killed a caustic shrike
 52663 | Depths:1 | Killed a golden dragon
 52851 | Depths:1 | Identified the +15 storm dragon scales of Lust {rElec MP+9}
 53436 | Depths:1 | Identified the +9 glaive "Fihazoc" {heavy, rCorr}
 53556 | Depths:1 | Found a shadowy altar of Dithmenos.
 53563 | Depths:1 | Identified the +1 ring mail "Ynaof" {Will+ Int-2 Slay+2
                  | SInv}
 53683 | Depths:1 | Found a gateway to Hell.
 53842 | Depths:1 | Identified the +9 great sword of Yfiguram {venom, Fly rF+
                  | rC+ Dex-3}
 53911 | Depths:1 | Found Mus Gui's Jewellery Shoppe.
 53911 | Depths:1 | Found Huruvyf's Book Boutique.
 53913 | Depths:1 | Found Quetwukio's Book Boutique.
 54130 | Depths:1 | Found a hazy altar of Hepliaklqana.
 54229 | Depths:2 | Identified the +1 hand axe "Viesas" {drain, MP+9 Str+3}
                  | (Okawaru gifted it to you on level 2 of the Depths)
 54229 | Depths:2 | Received a gift from Okawaru
 54395 | Depths:2 | Found Kotaezuo's Magic Scroll Shoppe.
 54476 | Depths:2 | Bought a scroll of teleportation for 60 gold pieces
 54476 | Depths:2 | Bought a scroll of teleportation for 60 gold pieces
 54476 | Depths:2 | Found Mawkevva's Antique Armour Emporium.
 54487 | Depths:2 | Found a one-way gateway to a ziggurat.
 54916 | Depths:2 | Found a one-way gate leading to the halls of Pandemonium.
 54984 | Depths:2 | Noticed a caustic shrike
 54989 | Depths:2 | Killed a caustic shrike
 55081 | Depths:2 | Noticed a golden dragon
 55088 | Depths:2 | Killed a golden dragon
 55317 | Depths:2 | Reached XP level 23. HP: 174/190 MP: 30/30
 55425 | Depths:2 | Noticed a juggernaut
 55442 | Depths:2 | Noticed a caustic shrike
 55444 | Depths:2 | Killed a juggernaut
 55451 | Depths:2 | Killed a caustic shrike
 55666 | Depths:2 | Received a gift from Okawaru
 55679 | Depths:2 | Identified the +0 cloak of Midsummer {rF- Will+ Dex+3}
 55685 | Depths:2 | Identified the +11 plate armour of Sorcery {rPois Dex+3}
 56157 | Depths:3 | Found a hazy altar of Hepliaklqana.
 56714 | Depths:3 | Found a sacrificial altar of Ru.
 57450 | Depths:3 | Received a gift from Okawaru
 57630 | Depths:3 | Noticed a juggernaut
 57642 | Depths:3 | Killed a juggernaut
 57827 | Depths:3 | Noticed a juggernaut
 57843 | Depths:3 | Killed a juggernaut
 57843 | Depths:3 | Noticed a dread lich
 57848 | Depths:3 | Killed a dread lich
 57848 | Depths:3 | Received a gift from Okawaru
 57870 | Depths:3 | Identified the ring of Pride {+Blink rElec Will- Dex+6}
 58129 | Depths:4 | Entered Level 4 of the Depths
 58613 | Depths:4 | Found Xewn's Magic Scroll Shop.
 58633 | Depths:4 | Found Zixeun's Antique Armour Boutique.
 58635 | Depths:4 | Found Weerr's Book Shop.
 58639 | Depths:4 | Bought a scroll of blinking for 150 gold pieces
 58639 | Depths:4 | Bought a scroll of fear for 80 gold pieces
 58643 | Depths:4 | Bought a manual of Shields for 1680 gold pieces
 58870 | Depths:4 | Found a gate to the Realm of Zot.
 58974 | Depths:4 | Found a runed translucent gate.
 58974 | Depths:4 | Noticed Amikeex's ghost (adept TrMo)
 58975 | Depths:4 | Found a runed translucent gate.
 58975 | Depths:4 | Found a runed translucent gate.
 59480 | Depths:4 | Found a stormy altar of Qazlal.
 59885 | Depths:4 | Gained mutation: Your magical and physical power is
                  | slightly enhanced at high health. [demonic ancestry]
 59885 | Depths:4 | Reached XP level 24. HP: 101/204 MP: 30/30
 59897 | Depths:4 | Killed Amikeex's ghost
 59909 | Depths:4 | Identified the +0 pair of boots of the Blacksmith {rCorr
                  | Int+2}
 60214 | Vaults:5 | Entered Level 5 of the Vaults
 60310 | Vaults:5 | Received a gift from Okawaru
 60634 | Vaults:5 | Found Vihoreg's Assorted Antiques.
 60696 | Vaults:5 | Got the Vellum of Fate
 61042 | Vaults:5 | Identified the +8 chain mail "Tatam" {Harm rPois Str-2
                  | Stlth-} (Okawaru gifted it to you on level 5 of the Vaults)
 61042 | Vaults:5 | Received a gift from Okawaru
 61318 | Vaults:5 | Got a silver rune of Zot
 61550 | Vaults:5 | Identified the +0 robe of the Devil's Team {Rampage rC++
                  | Regen+ MP-9}
 61605 | Vaults:5 | Found the +5 demon whip "Spellbinder" {antimagic, disrupt,
                  | Will+}
 61806 | Vaults:5 | Identified the +4 dagger of the Shouting Gods {drain, rF++
                  | rN+ Str-2 Dex+3}
 61808 | Vaults:5 | Identified the +3 longbow of Spite {drain, rPois rN+ Will+
                  | Dex+3}
 61970 | Vaults:5 | Noticed a dread lich
 61974 | Vaults:5 | Killed a dread lich
 62222 | Vaults:5 | Identified the +8 shortbow of Corporal Punishment {elec,
                  | rElec rCorr Str-3}
 62230 | Vaults:5 | Identified the +8 plate armour of Qazlal's Condemnation
                  | {Rampage rN++ rCorr Dex-5}
 62231 | Vaults:5 | Identified the +1 war axe of Governance {freeze, *Noise
                  | Dex+4}
 62234 | Vaults:5 | Identified the +0 sling of the Summoning Goat {drain,
                  | rElec}
 62798 | Zot:1    | Entered Level 1 of the Realm of Zot
 63525 | Zot:1    | Noticed a Killer Klown
 63530 | Zot:1    | Noticed an ancient lich
 63653 | Depths:4 | Bought a scroll of acquirement for 1040 gold pieces
 63653 | Depths:4 | Acquired a manual of Armour
 63892 | Zot:1    | Gained mutation: You are completely covered in sharp
                  | spines. [demonic ancestry]
 63892 | Zot:1    | Reached XP level 25. HP: 217/217 MP: 30/30
 64025 | Zot:1    | Noticed a Killer Klown
 64041 | Zot:1    | Killed a Killer Klown
 64078 | Zot:1    | Received a gift from Okawaru
 64176 | Zot:1    | Noticed a Killer Klown
 64184 | Zot:1    | Killed a Killer Klown
 64231 | Zot:1    | Noticed a Killer Klown
 64253 | Zot:1    | Killed a Killer Klown
 64260 | Zot:1    | Killed a Killer Klown
 64308 | Zot:1    | Killed an ancient lich
 65487 | Zot:2    | Received a gift from Okawaru
 66025 | Zot:2    | Noticed an orb of fire
 66027 | Zot:2    | Gained mutation: Your mind is acute. (Int +4, Str/Dex -1)
                  | [an orb of fire]
 66041 | Zot:2    | Gained mutation: Your body sometimes deteriorates upon
                  | taking damage. [an orb of fire]
 66043 | Zot:2    | Killed an orb of fire
 67442 | Zot:3    | Received a gift from Okawaru
 69200 | Zot:4    | Gained mutation: Your magical and physical power is
                  | enhanced at high health. [demonic ancestry]
 69200 | Zot:4    | Reached XP level 26. HP: 224/224 MP: 30/30
 69228 | Zot:4    | Received a gift from Okawaru
 69534 | Zot:4    | Identified the +1 falchion "Veykorgh" {distort, Str-3
                  | Int+3}
 69638 | Zot:4    | Noticed an orb of fire
 69648 | Zot:4    | Gained mutation: You are frail. (-10% HP) [an orb of fire]
 69651 | Zot:4    | Killed an orb of fire
 69808 | Zot:4    | Acquired 877 gold pieces
 70140 | Zot:4    | Identified the +10 shortbow of Heing {heavy, rN+ Str-2
                  | Int+5 Stlth+}
 70141 | Zot:4    | Identified the +4 arbalest "Jytom" {speed, rN++}
 70253 | Zot:5    | Entered Level 5 of the Realm of Zot
 70255 | Zot:5    | Found a runed translucent gate.
 70267 | Zot:5    | Found a runed translucent gate.
 70268 | Zot:5    | Found a runed translucent gate.
 70270 | Zot:5    | Noticed bearlyready's ghost (legendary HORe)
 70597 | Zot:5    | Received a gift from Okawaru
 70655 | Zot:5    | Noticed an ancient lich
 70657 | Zot:5    | Noticed an ancient lich
 70667 | Zot:5    | Killed an ancient lich
 70669 | Zot:5    | Killed an ancient lich
 70669 | Zot:5    | Identified the +0 tower shield of the Old and Reckless
                  | {+Inv rC+ Str+2} (Okawaru gifted it to you on level 5 of
                  | the Realm of Zot)
 70669 | Zot:5    | Received a gift from Okawaru
 70746 | Zot:5    | Noticed an orb of fire
 70757 | Zot:5    | Lost mutation: Your mind is acute. (Int +4, Str/Dex -1) [an
                  | orb of fire]
 70765 | Zot:5    | Killed an orb of fire
 71145 | Zot:5    | Got the Orb of Zot
 71479 | D:10     | Noticed Ufikhlyphe the pandemonium lord
 71519 | D:9      | Noticed Palio the pandemonium lord
 71528 | D:9      | Killed Palio the pandemonium lord
 71723 | D:$      | Escaped with the Orb!

Illustrated notes

Levels and vault maps discovered:
D:1:      nzn_arrival_water_spiral, layout_basic
D:2:      layout_basic, uniq_terence
D:3:      layout_basic
D:4:      layout_basic, serial_shops, nicolae_shop_statue_plus, uniq_ijyb,
          uniq_crazy_yiuf_cottage
D:5:      layout_layer_cave, gammafunk_temple_overflow_elements,
          kennysheep_small_spiral, st_stairs_7
D:6:      layout_layer_cave, marbit_many_paths,
          minmay_temple_entry_statues_fountains, serial_shops,
          nicolae_stop_n_shop_1, shop, shop, shop,
          nicolae_shop_bloodbath_and_beyond
D:7:      layout_gridville, overflow_temple_1_default
D:8:      layout_loops_ring, mainiacjoe_overflow_concentric_impassable,
          dpeg_oklobed_lair, ebering_dispersal_statue_hall, uniq_psyche,
          uniq_maurice, uniq_grum
D:9:      minmay_general_purpose_star, layout_layer_cave, orc_0_dummy,
          minivault_1
D:10:     layout_cave_pools, grunt_temple_overflow_gold_and_silver,
          mainiacjoe_overflow_24_doors, small_chamber_with_monster
D:11:     layout_stronghold, gauntlet_entry_generic, minmay_misc_feat_plants,
          uniq_josephine
D:12:     layout_loops_corners, portal_ice_cave_entry_pillars_1
D:13:     layout_rooms, david_vaults_2, serial_shops, shop, uniq_nessos
D:14:     kennysheep_kobold_lugonu_temple, layout_loops_cross,
          minmay_misc_feat_square, uniq_louise
D:15:     gammafunk_depths_entry_grave, layout_loops_ring, serial_shops, shop,
          nicolae_shop_back_alley_shop, nicolae_shop_hallway_plus,
          nicolae_ru_path_of_blood
Temple:   eino_temple_lava
Lair:1:   layout_gridlike, nicolae_lair_lakeside_cave, serial_bayou_shore_b
Lair:2:   layout_long_grid, guppyfry_snake_entry_island, grunt_megastairs_5,
          infiniplex_staircase_pool_2, uniq_gastronok
Lair:3:   layout_roguey, minmay_shoals_entry_beasts
Lair:4:   layout_cave_pods, minmay_slime_entry_eyes, lemuel_fruit_tree,
          lemuel_fruit_fields, grunt_megastairs_1
Lair:5:   gammafunk_lair_ancient_temple, layout_long_grid, serial_bayou_shore_b
Shoals:1: layout_shoals, nicolae_shoals_pincushion_passage
Shoals:2: layout_shoals
Shoals:3: layout_shoals, nicolae_shoals_water_booths, uniq_ilsuiw
Shoals:4: shoals_end_simple, layout_shoals, serial_shops, shop
Snake:1:  layout_cave_shapes
Snake:2:  layout_misc_corridors, grunt_megastairs_4
Snake:3:  layout_basic
Snake:4:  snake_pit, layout_cave_town, drop_trap, st_stairs_14,
          serial_bayou_pond_d, nicolae_shop_clearance
Orc:1:    layout_caves
Orc:2:    grunt_orc_cross, layout_caves, serial_shops, nicolae_shop_crystal,
          shop, shop_fountains
Elf:1:    minmay_elf_arrival_circle, layout_geoelf_octagon, minmay_elf_sorcery,
          nicolae_shop_i_like_big_books, serial_sigils_hangedman_shear
Elf:2:    nicolae_elf_blades_splatter_lattice [mumra_blade_entry_dagger],
          layout_rooms, gammafunk_ghost_tricky_traps, serial_shops, shop,
          uniq_aizul
Elf:3:    minmay_elf_hall_spiked, layout_loops_cross, basic_altar, serial_shops,
          bzr_entry_islet
Vaults:1: nicolae_vaults_closet_pinwheel_1, nicolae_vaults_circle_grid_a,
          nicolae_vaults_heart-shaped_vault, v_alt_pattern_6,
          nicolae_vaults_what_the_h, nicolae_vaults_wine_cellar,
          vaults_room_boxed, nicolae_vaults_octagons, layout_vaults_omnicross,
          serial_shops, shop, uniq_saint_roka
Vaults:2: v_pattern_5, v_misc_27, v_misc_10, nicolae_vaults_more_shelving_2,
          grunt_vaults_twisty, nicolae_vaults_heart-shaped_vault,
          nicolae_vaults_security_offices_6, vaults_dpeg_diagonal,
          layout_vaults_omnigrid, serial_shops, nicolae_shop_scrapyard
Vaults:3: vaults_room_corners, minmay_crypt_entry_skeletal_spiral,
          ontoclasm_vaults_ring_square, v_misc_5,
          nicolae_vaults_little_squares_2, hangedman_vaults_nails,
          nicolae_vaults_stepped_doors, dpeg_vaults_pockets_of_resistance,
          nicolae_vaults_circle_grid_a, nicolae_vaults_storage_closets_3,
          layout_vaults_maze
Vaults:4: nicolae_vaults_storage_closets_1, door_vault, v_misc_29,
          vaults_dpeg_doors, hangedman_vaults_trim,
          nicolae_vaults_little_squares_6, nicolae_vaults_storage_room_water,
          ontoclasm_vaults_ligature, v_pattern_1, v_misc_33,
          nicolae_vaults_taking_the_gang_shopping, nicolae_vaults_apartment_1,
          nicolae_vaults_apartment_2, v_misc_15, layout_vaults_omnibox,
          serial_shops, shop
Vaults:5: serial_shops
Depths:1: minmay_heptahexagon, layout_cave_shapes, hangedman_coc_ice_floe,
          nzn_hepliaklqana_mist_gate, abyss_entry,
          grunt_dithmenos_smoke_and_mirrors, minmay_shop_grove
Depths:2: minmay_tile_spiral, layout_gridville, enter_ziggurat_b, pan_entry,
          corexii_corridor_pit, grunt_metal_band,
          roderic_lattice_octagonal_star, minmay_shoptagon
Depths:3: minmay_nine_rooms, layout_basic, corexii_hall_statues_u,
          serial_co_window_serial, co_window_paths_b, co_window_paths_a,
          co_window_corner_a, co_window_corner_a, co_window_paths_b,
          co_window_of_opportunity_a, co_window_paths_a, co_window_paths_a,
          co_window_corner_a, co_window_corner_b, co_window_corner_b,
          co_window_broadway_b, co_window_corner_ca, glass_columns_a,
          glass_columns_c, glass_columns_b, glass_columns_b, hell_entry,
          abyss_entry, hangedman_feature_mirror, uniq_josephina
Depths:4: grunt_crosshair, layout_basic, grunt_hell_entry_dis_old,
          gammafunk_ghost_split, grunt_qazlal_clouds, abyss_entry,
          minmay_shop_star, serial_bayou_shore_b, serial_bayou_shore_a
Zot:1:    ebering_klown_carousel, layout_cathedral_of_symmetry
Zot:2:    layout_cathedral_of_symmetry, lemuel_lake_of_fire
Zot:3:    layout_onion_interference
Zot:4:    cheibrodos_zot_enchanting_chambers, layout_gridlike,
          st_single_dragon_hoard_4
Zot:5:    layout_cathedral_of_symmetry, ebering_ghost_rock_garden

Skill      XL: |  1  2  3  4  5  6  7  8  9 10 11 12 13 14 15 16 17 18 19 20 21 22 23 24 25 26 |
---------------+-------------------------------------------------------------------------------+-----
Polearms       | 2 3 |  3.2
Unarmed Combat | 2 3 4 6 7 10 12 13 15 16 18 20 22 | 22.0
Fighting       | 5 6 8 10 15 17 20 22 | 22.0
Armour         | 5 9 10 11 15 17 22 | 22.0
Evocations     | 1 4 5 |  5.0
Invocations    | 5 6 10 | 10.0
Shields        | 5 9 10 12 15 16 21 22 | 22.0
Dodging        | 4 5 6 10 12 15 16 19 | 19.5

Action                     |  1- 3 |  4- 6 |  7- 9 | 10-12 | 13-15 | 16-18 | 19-21 | 22-24 | 25-27 || total
---------------------------+-------+-------+-------+-------+-------+-------+-------+-------+-------++-------
  Melee: Trident           |   100 |    50 |       |       |       |       |       |       |       ||   150
         Unarmed           |       |   110 |   247 |   386 |  1034 |  1066 |  1153 |  1265 |   779 ||  6040
         Demon trident     |       |     3 |       |       |       |       |       |       |       ||     3
         Tailslap          |       |       |    30 |    63 |   217 |   185 |   224 |   292 |   195 ||  1206
         Kick              |       |       |       |       |       |   132 |   492 |   602 |   377 ||  1603
  Throw: Dart              |       |     6 |    10 |     3 |     4 |       |       |       |       ||    23
 Invoke: Heroism           |       |       |       |     3 |     4 |     2 |     7 |    15 |     6 ||    37
         Finesse           |       |       |       |       |     1 |       |     4 |     3 |     1 ||     9
  Evoke: Wand              |       |    15 |    15 |    17 |    10 |    29 |       |     4 |     2 ||    92
         Lightning rod     |       |       |       |       |     2 |       |       |       |       ||     2
         Phial of floods   |       |       |       |       |     2 |     1 |     2 |       |       ||     5
    Use: Potion            |     1 |     2 |     5 |     2 |     5 |     4 |    13 |    15 |     7 ||    54
         Scroll            |       |     4 |    13 |     7 |    14 |     1 |     6 |    10 |    11 ||    66
   Stab: Invisible         |       |       |       |       |       |     5 |     6 |       |       ||    11
         Distracted        |       |       |       |       |       |       |       |     1 |     1 ||     2
 Armour: Scale mail        |    32 |    36 |       |       |       |       |       |       |       ||    68
         Plate armour      |       |    11 |    96 |   116 |   230 |   187 |   117 |    22 |       ||   779
         Skin              |       |       |     7 |     9 |       |       |       |       |       ||    16
         Storm dragon scal |       |       |       |       |       |       |       |   113 |    83 ||   196
  Dodge: Dodged            |    30 |    50 |    30 |    92 |   254 |   199 |   195 |   277 |   168 ||  1295
  Block: Buckler           |    12 |    24 |    24 |    79 |   113 |       |       |       |       ||   252
         Kite shield       |       |       |       |       |   408 |   827 |   591 |   130 |       ||  1956
         Tower shield      |       |       |       |       |    19 |       |       |   724 |   561 ||  1304
         Reflection        |       |       |       |       |    38 |   113 |    60 |    23 |    11 ||   245
